 Dungeon Crawl Stone Soup version 0.26-a0-639-g72c4674329 (webtiles) character file.

Game seed: 3936920862922066402

1724 Borgoz the Ruffian (level 9, -4/78 HPs)
             Began as a Ghoul Gladiator on Sept 20, 2020.
             Was an Initiate of Okawaru.
             Slain by a killer bee (8 damage)
             ... on level 7 of the Dungeon.
             The game lasted 00:08:15 (5800 turns).

Borgoz the Ruffian (Ghoul Gladiator)                Turns: 5800, Time: 00:08:15

Health: -4/78      AC:  7    Str: 18    XL:     9   Next: 4%
Magic:  8/8        EV: 13    Int:  9    God:    Okawaru [......]
Gold:   271        SH:  0    Dex: 13    Spells: 8/8 levels left

rFire    . . .     SeeInvis .     - Unarmed
rCold    + . .     Faith    .   (no shield)
rNeg     + + +     Spirit   .   h - +0 ring mail
rPois    ∞         Reflect  .   b - +0 helmet
rElec    .         Harm     +   e - scarf {harm}
rCorr    .         Rampage  .   (no gloves)
MR       .....                  p - +0 pair of boots
Stlth    +.........             (no amulet)
HPRegen  0.00/turn              n - +6 ring of intelligence
MPRegen  0.11/turn              (no ring)

@: no status effects
A: rotting body, claws 1, cold resistance 1, negative energy resistance 3,
inhibited regeneration, torment resistance, unbreathing
a: Renounce Religion


You were on level 7 of the Dungeon.
You worshipped Okawaru.
Okawaru was noncommittal.
You visited 2 branches of the dungeon, and saw 8 of its levels.

You collected 271 gold pieces.

Inventory:

Armour
 b - a +0 helmet (worn)
 e - a scarf of harm (worn)
 h - a +0 ring mail (worn)
 p - a +0 pair of boots (worn)
Jewellery
 n - a +6 ring of intelligence (left claw)
Wands
 l - a wand of flame (19)
Scrolls
 a - a scroll of noise
 k - 3 scrolls of remove curse
 m - 2 scrolls of enchant weapon
 r - a scroll of amnesia
Potions
 g - 2 potions of cancellation
 o - 2 potions of stabbing
 q - a potion of resistance


   Skills:
 + Level 6.4 Fighting
 - Level 5.4 Throwing
 + Level 0.0 Armour
 + Level 5.7 Dodging
 + Level 6.9 Unarmed Combat


You had 8 spell levels left.
You didn't know any spells.
Your spell library was empty.

Dungeon Overview and Level Annotations

Branches:
Dungeon (7/15)             Temple (1/1) D:4

Altars:
Cheibriados
Dithmenos
Elyvilon
Fedhas
Gozag
Hepliaklqana
Kikubaaqudgha
Makhleb
Okawaru
Qazlal
Ru
Sif Muna
Trog
Uskayaw
Vehumet
Wu Jian
Yredelemnul
Zin
The Shining One

Shops:
D:5 [


Innate Abilities, Weirdness & Mutations

Your body is rotting away.
You thrive by killing the living.
You are immune to poison.
You have sharp fingernails.
Your flesh is cold resistant. (rC+)
You are immune to negative energy. (rN+++)
You do not regenerate when monsters are visible.
You are immune to unholy pain and torment.
You can survive without breathing.


Message History

The net rips apart, and the killer bee comes free!
You hear a distant slurping noise.
There is a stone staircase leading down here.
The killer bee stings you but does no damage.
The killer bee stings you.
* * * LOW HITPOINT WARNING * * *
The killer bee stings you.
* * * LOW HITPOINT WARNING * * *
You climb downwards.
Found a falchion.
There is a stone staircase leading up here.
Unknown command.
Firing (i - inventory) No suitable missiles.
Press: ? - help, Shift-Dir - straight line, f - killer bee
Aim: a killer bee (moderately wounded)
Okay, then.
You barely miss the killer bee.
The killer bee is moderately wounded.
The killer bee stings you!
You die...

#.#
#.#
#.#
...
#.#
#.#
#.#
#@#
#y#
.)#
#.##
..
...
...
#.#.


You could see a killer bee.

Vanquished Creatures
  Pikel (D:4)
  Grinder (D:4)
  Sigmund (D:4)
  Duvessa (D:4)
  3 ogres
  A gnoll sergeant (D:6)
  Dowan (D:4)
  A scorpion (D:4)
  A hound (D:6)
  A centaur skeleton (D:4)
  An orc priest (D:5)
  An iguana (D:6)
  2 orc wizards
  A worker ant (D:5)
  A hound zombie (D:3)
  A worker ant zombie (D:3)
  5 adders
  5 gnolls (D:6)
  4 oozes
  An adder skeleton (D:5)
  4 worms
  A dart slug (D:1)
  3 leopard geckos
  8 orcs
  2 ball pythons
  7 bats
  6 giant cockroaches
  6 hobgoblins
  7 jackals (D:2)
  2 quokkas
  9 frilled lizards
  5 goblins
  6 kobolds
  7 rats
107 creatures vanquished.

Vanquished Creatures (others)
  12 plants (D:1)
12 creatures vanquished.

Grand Total: 119 creatures vanquished

Notes
Turn   | Place    | Note
-------+----------+-------------------------------------------
     0 | D:1      | Borgoz the Ghoul Gladiator began the quest for the Orb.
     0 | D:1      | Reached XP level 1. HP: 17/17 MP: 0/0
   157 | D:1      | Reached XP level 2. HP: 20/25 MP: 1/1
   446 | D:1      | Reached XP level 3. HP: 30/30 MP: 2/2
   854 | D:2      | Found an ornate altar of the Wu Jian Council.
   977 | D:2      | Reached XP level 4. HP: 36/38 MP: 3/3
  1537 | D:3      | Found a sacrificial altar of Ru.
  1551 | D:2      | Reached XP level 5. HP: 36/45 MP: 4/4
  2574 | D:4      | Noticed Sigmund
  2598 | D:4      | Killed Sigmund
  2598 | D:4      | Reached XP level 6. HP: 35/52 MP: 5/5
  2832 | D:4      | Found a snail-covered altar of Cheibriados.
  2836 | D:4      | Noticed Pikel
  2876 | D:5      | Entered Level 5 of the Dungeon
  3193 | D:5      | Found an iron altar of Okawaru.
  3282 | D:5      | Found an opulent altar of Gozag.
  3282 | D:5      | Found a glowing silver altar of Zin.
  3423 | D:5      | Found a bloodstained altar of Trog.
  3423 | D:5      | Found a shadowy altar of Dithmenos.
  3445 | D:5      | Reached skill level 5 in Unarmed Combat
  3445 | D:5      | Reached XP level 7. HP: 23/60 MP: 6/6
  3953 | D:5      | Found Xocoideg's Armour Emporium.
  4165 | D:4      | Killed Pikel
  4165 | D:4      | Reached skill level 5 in Fighting
  4165 | D:4      | Reached XP level 8. HP: 51/69 MP: 7/7
  4270 | D:4      | Reached skill level 5 in Dodging
  4386 | D:4      | Noticed Duvessa
  4386 | D:4      | Noticed Dowan
  4398 | D:4      | Killed Duvessa
  4413 | D:4      | Killed Dowan
  4572 | D:4      | Reached skill level 5 in Throwing
  4670 | D:4      | Noticed Grinder
  4676 | D:4      | Paralysed by Grinder for 7 turns
  4713 | D:4      | Killed Grinder
  5097 | D:4      | Found a staircase to the Ecumenical Temple.
  5279 | Temple   | Entered the Ecumenical Temple
  5293 | Temple   | Became a worshipper of Warmaster Okawaru
  5483 | D:6      | Reached XP level 9. HP: 28/78 MP: 8/8
  5800 | D:7      | Slain by a killer bee

Illustrated notes

Levels and vault maps discovered:
D:1:      roderic_crop_circles_arrival_small, layout_loops_ring
D:2:      layout_basic, old_standard_altar
D:3:      layout_basic, overflow_temple_1_default
D:4:      layout_loops_ring, old_standard_altar, temple_statues, uniq_sigmund,
          uniq_pikel, uniq_grinder, uniq_duvessa
D:5:      layout_basic, gammafunk_temple_overflow_elements,
          grunt_temple_overflow_gold_and_silver, serial_shops, shop,
          lemuel_statue_altar
D:6:      layout_basic, trog_wizard, uniq_maggie
D:7:      layout_loops_corners, uniq_harold
Temple:   cyrus_circular_temple

Skill      XL: |  1  2  3  4  5  6  7  8 |
---------------+-------------------------+-----
Throwing       | 2 3 4 5 |  5.4
Dodging        | 3 4 5 |  5.7
Fighting       | 3 4 5 6 |  6.4
Unarmed Combat | 4 5 6 |  6.9

Action                   |  1- 3 |  4- 6 |  7- 9 || total
-------------------------+-------+-------+-------++-------
Melee: Unarmed           |   117 |   211 |   137 ||   465
       Punch             |       |     1 |     3 ||     4
Throw: Throwing net      |       |     3 |     2 ||     5
  Use: Scroll            |       |     2 |     9 ||    11
       Potion            |       |     5 |     5 ||    10
 Stab: Held in net/web   |       |     1 |       ||     1
Armor: Leather armour    |    36 |    29 |       ||    65
       Ring mail         |       |    43 |    47 ||    90
Dodge: Dodged            |    78 |   148 |   100 ||   326

Table legend: (Time is in decaauts)
 A = Elapsed time spent in this place.
 B = Non-inter-level travel time spent in this place.
 C = Inter-level travel time spent in this place.
 D = Time resting spent in this place.
 E = Time spent auto-exploring this place.
 F = Levels seen in this place.
 G = Mean time per level.
                   A        B        C        D        E       F      G
               +--------+--------+--------+--------+--------+-----+--------+
         Total |   5722 |   5515 |    207 |   1021 |   3606 |   8 |  715.2 |
       Dungeon |   5686 |   5493 |    193 |   1021 |   3599 |   7 |  812.3 |
        Temple |     35 |     21 |     14 |      0 |      7 |   1 |   35.0 |
               +--------+--------+--------+--------+--------+-----+--------+

Top non-repeatable levels by time:
     D:4: 1464 daAuts
     D:5: 1281 daAuts
     D:3: 915 daAuts
     D:1: 841 daAuts
     D:2: 751 daAuts
     D:6: 431 daAuts
  Temple: 35 daAuts
     D:7: 0 daAuts
